Build Orders - Match 35193509 - cohdb - Company of Heroes 3 Replays
cohdb
Replays
Latest Replays
All Replays
Popular Replays
Top Player Replays
Match Explorer
How It Works
Community
CoH3 Stats
Reddit
Sign in to upload your games and track your stats! →
Sign in with Steam
Match 35193509
Unlisted
Match 35193509
Overview
Messages
Build Orders
End
Scout Squad
Selects Airborne Battlegroup
Selects Pathfinders
Engineer Squad
Construct Weapon Support Center
M1919 Machine Gun Team
Infantry Support Center
M3 Armored Personnel Carrier
Selects Paratrooper Squad Paradrop
Paratrooper Squad Paradrop
Construct Medical Station
Paratrooper Squad Paradrop
Paratrooper Squad Paradrop
Selects Anti-tank Gun Team Paradrop
Anti-tank Gun Team Paradrop
Selects Recon Loiter
Construct Tank Depot
M4A1 Sherman Medium Tank
Paratrooper Squad Paradrop
Recon Loiter
Selects Supply Drop
Selects Dual P-47 Rocket Strike
M4A1 Sherman Medium Tank
La Crevette
spaceisfun
Conscript
Rommel
0
0
Comments
sign in to comment!
No comments posted yet!